 Dungeon Crawl Stone Soup version 0.32-a0-136-gc02482bde3 (webtiles) character file.

Game seed: 4972189762357323548

1165 Ceno the Covert (level 8, -6/47 (51) HPs)
             Began as an Octopode Shapeshifter on Feb 10, 2024.
             Killed from afar by Jeremiah (7 damage)
             ... with a bolt of dispelling energy
             ... on level 6 of the Dungeon.
             The game lasted 00:12:14 (4641 turns).

Ceno the Covert (Octopode Shapeshifter)             Turns: 4641, Time: 00:12:14

HP:   -6/47 (51)    AC:  1    Str: 13    XL:     8   Next: 40%
MP:   8/8           EV: 28    Int: 13    God:
Gold: 263           SH:  0    Dex: 13    Spells: 7/7 levels left

rFire   . . .        p - +0 whip (venom)
rCold   . . .        (no shield)
rNeg    . . .        (helmet currently unavailable)
rPois   .            t - amulet of the acrobat
rElec   .            o - ring of willpower
rCorr   .            (no ring)
SInv    .            (no ring)
Will    +....        (no ring)
Stlth   +++++        (no ring)
HPRegen 0.27/turn    (no ring)
MPRegen 0.11/turn    (no ring)
                     (no ring)

%: acrobat
@: beast-form, acrobatic, drained
A: beast (slay +3), almost no armour, amphibious, 8 rings, camouflage 1,
gelatinous body 1, (nimble swimmer 1), tentacles
a: Begin Untransformation


You were on level 6 of the Dungeon.
You were a hulking beast.
You visited 1 branch of the dungeon, and saw 6 of its levels.
You also visited: Sewer.

You collected 263 gold pieces.

Inventory:

Hand Weapons
 p - a +0 whip of venom (weapon)
Missiles
 i - 23 stones (quivered)
Jewellery
 o - a ring of willpower (left tentacle)
 t - an amulet of the acrobat (around mantle)
Talismans
 b - a beast talisman
 c - a flux talisman
 q - a blade talisman
Scrolls
 d - 4 scrolls of identify
 e - 2 scrolls of fear
 f - a scroll of amnesia
 j - 3 scrolls of enchant weapon
 k - 2 scrolls of vulnerability
 l - a scroll of silence {unknown}
 n - a scroll of noise {unknown}
Potions
 a - 2 potions of lignification
 g - 3 potions of might
 h - 4 potions of mutation
 m - 2 potions of magic
 r - 2 potions of heal wounds {unknown}
 s - a potion of invisibility {unknown}


   Skills:
 + Level 2.7 Fighting
 + Level 2.7 Dodging
 - Level 8.0 Stealth
 + Level 6.0 Unarmed Combat
 + Level 5.3 Shapeshifting


You had 7 spell levels left.
You didn't know any spells.
Your spell library contained the following spells:

 Spells                   Type           Power      Damage    Failure   Level
 Magic Dart               Conj           0%         1d3       30%         1
 Shock                    Conj/Air       0%         1d3       30%         1
 Searing Ray              Conj           0%         2d4       43%         2
 Swiftness                Air            0%         N/A       67%         3
 Airstrike                Air            0%         2d(0-16)  97%         4
 Fulminant Prism          Conj/Alch      0%         3d5       97%         4


Dungeon Overview and Level Annotations

Branches:
Dungeon (6/15)              Sewer (visited)
 Temple: D:4-7

Altars:
Fedhas
Makhleb
Okawaru
Trog
Xom

Shops:
D:2 ?

Annotations:
D:3 1 runed translucent door, Crazy Yiuf
D:4 exclusion: jelly, Ijyb, Natasha, Robin
D:6 Jeremiah


Innate Abilities, Weirdness & Mutations

You are a hulking beast.
Your limbs bulge with bestial killing power. (Slay +3)
You cannot wear most types of armour.
You are amphibious.
You can wear up to eight rings at the same time.
Your skin changes colour to match your surroundings (Stealth+).
Your rubbery body absorbs attacks. (AC +1, EV +1)
((You are camouflaged when in or above water. (Stealth+)))
You have tentacles for arms and can constrict up to eight enemies at once.


Message History

Jeremiah zaps a wand.
The bolt of dispelling energy misses the butterfly.
The bolt of dispelling energy misses you.
You barely miss the butterfly. Your grab misses the butterfly.
Jeremiah trails rainbows from their fingertips.
Jeremiah hits you from afar with a +2 trident of draining!
You feel drained. Jeremiah completely misses you.
You barely miss Jeremiah. You grab Jeremiah.
You constrict Jeremiah, but do no damage.
Jeremiah misses you. Jeremiah closely misses you.
You hit Jeremiah.
Jeremiah is lightly wounded.
You constrict Jeremiah, but do no damage.
Jeremiah whispers, "I obey.
I obey.
I obey."
Jeremiah zaps a wand.
The bolt of dispelling energy hits you!
You hit Jeremiah.
Jeremiah is lightly wounded.
You constrict Jeremiah.
Jeremiah zaps a wand.
The bolt of dispelling energy misses you.
You whack Jeremiah!
Jeremiah is poisoned.
Jeremiah is moderately wounded.
You constrict Jeremiah.
Jeremiah hits you with a +2 trident of draining!
You feel drained.
* * * LOW HITPOINT WARNING * * *
You hit Jeremiah but do no damage.
Jeremiah looks as sick as possible!
You squeeze Jeremiah!
Jeremiah is heavily wounded.
You constrict Jeremiah.
The butterfly disappears in a burst of colours!
Jeremiah throws their arms up pleadingly.
Something smites you!
* * * LOW HITPOINT WARNING * * *
You release your grip on Jeremiah.
Jeremiah misses you.
Jeremiah zaps a wand.
The bolt of dispelling energy misses the butterfly.
The bolt of dispelling energy hits you!
You die...
Jeremiah says, "O terrible one, your will is done."

## ###.##
....## .....#
.....##
###...b.## .
#........#..
##.#hb.##......
#$..b.b#.......
##....#Fbbbb.>.
#..#b#bb......
#........b.b.#
#........#####
##.......#
#####....
##....


You could see Jeremiah (very poisoned).

Vanquished Creatures
  Prince Ribbit (D:5)
  A water moccasin (D:5)
  Pargi (Sewer)
  2 brain worms (Sewer)
  4 scorpions
  A howler monkey (D:5)
  3 hounds
  A gnoll bouda (D:5)
  An orc wizard (D:5)
  5 gnolls (D:5)
  7 adders
  A river rat (D:3)
  5 dart slugs
  A ribbon worm (D:2)
  14 orcs
  5 ball pythons
  4 endoplasms
  2 giant cockroaches
  15 goblins
  3 hobgoblins
  3 jackals (D:1)
  3 quokkas
  2 bats
  6 frilled lizards (Sewer)
  4 kobolds
  5 rats
100 creatures vanquished.

Notes
Turn   | Place    | Note
-------+----------+-------------------------------------------
     0 | D:1      | Ceno the Octopode Shapeshifter began the quest for the Orb.
     0 | D:1      | Reached XP level 1. HP: 13/13 MP: 1/1
    93 | D:1      | Reached skill level 1 in Stealth
   102 | D:1      | Reached XP level 2. HP: 17/18 MP: 2/2
   278 | D:1      | Reached skill level 2 in Stealth
   727 | D:1      | Found a faded altar of an unknown god.
  1059 | D:2      | Found a shimmering altar of Xom.
  1077 | D:2      | Reached XP level 3. HP: 23/23 MP: 3/3
  1094 | D:2      | Found Wasaun's Magic Scroll Boutique.
  1149 | D:2      | Reached skill level 3 in Stealth
  1331 | D:2      | Reached XP level 4. HP: 28/28 MP: 4/4
  1589 | D:3      | Found an iron altar of Okawaru.
  1602 | D:3      | Reached skill level 4 in Stealth
  1660 | D:3      | Found a bloodstained altar of Trog.
  1778 | D:3      | Reached XP level 5. HP: 30/33 MP: 5/5
  1845 | D:3      | Found a glowing drain.
  1867 | Sewer    | Entered a sewer
  1891 | Sewer    | Noticed Pargi
  1942 | Sewer    | Reached skill level 5 in Stealth
  2049 | Sewer    | Killed Pargi
  2050 | Sewer    | Reached skill level 6 in Stealth
  2050 | Sewer    | Reached XP level 6. HP: 2/38 MP: 6/6
  2370 | D:3      | Found a blossoming altar of Fedhas.
  2569 | D:3      | Found a runed translucent door.
  2570 | D:3      | Noticed Crazy Yiuf
  2812 | D:4      | Reached skill level 7 in Stealth
  2812 | D:4      | Reached XP level 7. HP: 39/43 MP: 7/7
  2954 | D:4      | Noticed Ijyb
  2997 | D:5      | Entered Level 5 of the Dungeon
  3409 | D:5      | Reached skill level 8 in Stealth
  3464 | D:5      | Reached skill level 5 in Unarmed Combat
  3743 | D:5      | Found a burning altar of Makhleb.
  3743 | D:5      | Noticed an Executioner
  3764 | D:5      | Reached skill level 5 in Shapeshifting
  3764 | D:5      | Reached XP level 8. HP: 40/50 MP: 8/8
  3862 | D:4      | Noticed Robin
  3906 | D:4      | Noticed Natasha
  4467 | D:6      | Noticed Prince Ribbit
  4470 | D:6      | Noticed Jeremiah
  4483 | D:5      | Killed Prince Ribbit
  4639 | D:6      | HP: 1/47 [Jeremiah/divine providence (14)]
  4641 | D:6      | Killed from afar by Jeremiah

Illustrated notes

Levels and vault maps discovered:
D:1:      co_arrival_random_square_maze, layout_basic,
          ebering_ecumenical_altar_webs, chequers_arboretum
D:2:      layout_rooms, serial_shops, shop, basic_altar,
          kennysheep_generic_room_16
D:3:      layout_rooms, bloody_trog, fedhas_altar_1,
          mainiacjoe_overflow_boulevard, portal_sewer_entry_b,
          uniq_crazy_yiuf_cottage
D:4:      layout_basic, uniq_eustachio, uniq_blork_the_orc, uniq_robin,
          uniq_natasha, uniq_ijyb
D:5:      layout_basic, makhleb_altar_promises_db
D:6:      layout_cave_pools, nicolae_qazlal_eye_of_the_storm,
          mainiacjoe_overflow_alcove_2, temple_hall,
          chequers_serial_rivers_micro_c, uniq_prince_ribbit1, uniq_maggie,
          uniq_menkaure, uniq_jeremiah

Skill      XL: |  1  2  3  4  5  6  7  8 |
---------------+-------------------------+-----
Stealth        | 1 2 3 4 6 7 8 |  8.0
Unarmed Combat | 4 5 6 |  6.0
Shapeshifting  | 4 5 |  5.3
Fighting       | 2 |  2.7
Dodging        | |  2.7

Action                     |  1- 3 |  4- 6 |  7- 9 || total
---------------------------+-------+-------+-------++-------
  Melee: Unarmed           |    51 |    79 |    27 ||   157
         Constrict         |    14 |    17 |    23 ||    54
         Punch             |     3 |     6 |     9 ||    18
         Tentacles         |    14 |    17 |    22 ||    53
         Whip              |       |       |    53 ||    53
  Throw: Stone             |       |     8 |     4 ||    12
    Use: Scroll            |     3 |     4 |       ||     7
   Stab: Sleeping          |    10 |    13 |     4 ||    27
 Armour: Skin              |    10 |    36 |    47 ||    93
  Dodge: Dodged            |    22 |    41 |    42 ||   105

Table legend: (Time is in decaauts)
 A = Elapsed time spent in this place.
 B = Non-inter-level travel time spent in this place.
 C = Inter-level travel time spent in this place.
 D = Time resting spent in this place.
 E = Time spent auto-exploring this place.
 F = Levels seen in this place.
 G = Mean time per level.
                   A        B        C        D        E       F      G
               +--------+--------+--------+--------+--------+-----+--------+
         Total |   4637 |   4450 |    187 |    883 |   2145 |   7 |  662.4 |
       Dungeon |   4190 |   4003 |    187 |    651 |   2097 |   6 |  698.3 |
         Sewer |    447 |    447 |      0 |    232 |     48 |   1 |  447.0 |
               +--------+--------+--------+--------+--------+-----+--------+

Top non-repeatable levels by time:
     D:5: 1618 daAuts
     D:1: 1079 daAuts
     D:3: 589 daAuts
     D:2: 486 daAuts
   Sewer: 447 daAuts
     D:4: 392 daAuts
     D:6: 24 daAuts
